 Dungeon Crawl Stone Soup version 0.26-a0-610-g3e9335bbc7 (webtiles) character file.

Game seed: 6941815129074877161

0 Gargoyl the Skirmisher (level 1, -4/23 HPs)
             Began as a Gnoll Abyssal Knight on Sept 4, 2020.
             Was a Follower of Lugonu.
             Killed from afar by a starcursed mass (9 damage)
             ... with an accursed screaming
             ... on level 1 of the Abyss.
             The game lasted 00:00:16 (78 turns).

Gargoyl the Skirmisher (Gnoll Abyssal Knight)         Turns: 78, Time: 00:00:17

Health: -4/23      AC:  3    Str: 14      XL:     1   Next: 0%
Magic:  3/3        EV: 12    Int: 14      God:    Lugonu [*.....]
Gold:   8          SH:  0    Dex: 12 (14) Spells: 0/0 levels left

rFire    . . .     SeeInvis .   a - +1 hand axe
rCold    . . .     Faith    .   (no shield)
rNeg     . . .     Spirit   .   b - +0 leather armour
rPois    .         Reflect  .   (no helmet)
rElec    .         Harm     .   (no cloak)
rCorr    .                      (no gloves)
MR       .....                  (no boots)
Stlth    +.........             (no amulet)
HPRegen  0.07/turn              (no ring)
MPRegen  0.08/turn              (no ring)

@: no status effects
A: distributed training, fangs 1, strong nose
a: Depart the Abyss, Renounce Religion


You were on level 1 of the Abyss.
You worshipped Lugonu.
Lugonu was aware of your devotion.
You visited 0 branches of the dungeon, and saw 0 of its levels.
You visited the Abyss 1 time.

You collected 8 gold pieces.

Inventory:

Hand Weapons
 a - a +1 hand axe (weapon)
Armour
 b - a +0 leather armour (worn)
Scrolls
 c - a scroll of remove curse {unknown}


   Skills:
 + Level 6.4 Fighting
 + Level 0.0 Short Blades
 + Level 0.0 Long Blades
 + Level 4.4 Axes
 + Level 0.0 Maces & Flails
 + Level 0.0 Polearms
 + Level 0.0 Staves
 + Level 0.0 Slings
 + Level 0.0 Bows
 + Level 0.0 Crossbows
 + Level 0.0 Throwing
 + Level 4.4 Armour
 + Level 2.3 Dodging
 + Level 0.0 Stealth
 + Level 0.0 Shields
 + Level 0.0 Unarmed Combat
 + Level 0.0 Spellcasting
 + Level 0.0 Conjurations
 + Level 0.0 Hexes
 + Level 0.0 Summonings
 + Level 0.0 Necromancy
 + Level 0.0 Translocations
 + Level 0.0 Transmutations
 + Level 0.0 Fire Magic
 + Level 0.0 Ice Magic
 + Level 0.0 Air Magic
 + Level 0.0 Earth Magic
 + Level 0.0 Poison Magic
 + Level 4.4 Invocations
 + Level 0.0 Evocations


You couldn't memorise any spells.
You didn't know any spells.
Your spell library was empty.

Dungeon Overview and Level Annotations

Branches:
Dungeon (0/15)

Altars:


Innate Abilities, Weirdness & Mutations

Your experience applies equally to all skills.
You have very sharp teeth.
Your uncanny sense of smell can sniff out nearby items.


Message History

The quasit barely misses you. The quasit closely misses you.
The quasit misses you.
A raiju comes into view.
The raiju barks!
The quasit closely misses you.
The quasit claws you but does no damage. x2
A chorus of shrieks assaults your mind.
* * * LOW HITPOINT WARNING * * *
Found a leather armour.
A tentacled starspawn comes into view.
Found 8 gold pieces.
A tentacle flies out from the starspawn's body!
A starspawn tentacle comes into view.
A starspawn tentacle comes into view.
You see here 8 gold pieces.
You now have 8 gold pieces.
A quasit comes into view.
The quasit gives a chilling moan.
A chorus of shrieks assaults your mind.
You die...

.#.... #.. ..#..≈
.5 ##..x###
..###≈≈≈ #X# ##X##
##.## ♣≈#
...###...###...#
..
...#..X..#....≈≈
.......X......≈≈
....#.....#...≈≈≈.
...###...###.≈≈≈
#.# ##@## ≈≈≈# .
#...# ≈§# #.....#
.. ......≈≈≈
..#....≈≈..
...............
............(..
...............


You could see 3 starcursed masses, a tentacled starspawn, a small abomination
and a quasit.

Vanquished Creatures (others)
  2 starspawn tentacles (Abyss:1)
2 creatures vanquished.

Notes
Turn   | Place    | Note
-------+----------+-------------------------------------------
     0 | Abyss:1  | Gargoyl the Gnoll Abyssal Knight began the quest for the
                  | Orb.
     0 | Abyss:1  | Reached XP level 1. HP: 23/23 MP: 3/3
    36 | Abyss:1  | Noticed a quasit
    40 | Abyss:1  | Noticed a small abomination
    43 | Abyss:1  | Noticed a large abomination
    49 | Abyss:1  | Noticed a starcursed mass
    56 | Abyss:1  | Noticed an apocalypse crab
    64 | Abyss:1  | Noticed a raiju
    70 | Abyss:1  | Noticed a tentacled starspawn
    77 | Abyss:1  | Noticed a quasit
    78 | Abyss:1  | Killed from afar by a starcursed mass

Illustrated notes

Levels and vault maps discovered:
Abyss:1:  evilmike_abyss_exit_chaos

Action                   || total
-------------------------++-------
Armor: Leather armour    ||    12
Dodge: Dodged            ||    18

Table legend: (Time is in decaauts)
 A = Elapsed time spent in this place.
 B = Non-inter-level travel time spent in this place.
 C = Inter-level travel time spent in this place.
 D = Time resting spent in this place.
 E = Time spent auto-exploring this place.
 F = Levels seen in this place.
 G = Mean time per level.
                   A        B        C        D        E       F      G
               +--------+--------+--------+--------+--------+-----+--------+
         Total |     78 |     78 |      0 |      0 |     32 |   1 |   78.0 |
         Abyss |     78 |     78 |      0 |      0 |     32 |   1 |   78.0 |
               +--------+--------+--------+--------+--------+-----+--------+

Top non-repeatable levels by time:
 Abyss:1: 78 daAuts
